 Dungeon Crawl Stone Soup version 0.16-a0-3187-geb38783 (webtiles) character file.

32069 PolkaDot the Cruncher (level 13, -5/60 HPs)
             Began as a Spriggan Artificer on Dec 17, 2014.
             Was the Champion of Qazlal.
             Slain by a spiny frog (32 damage)
             ... on level 8 of the Lair of Beasts.
             The game lasted 01:43:03 (23007 turns).

PolkaDot the Cruncher (Spriggan Artificer)         Turns: 23007, Time: 01:43:03

Health: -5/60      AC: 10    Str:  9    XL:     13   Next: 29%
Magic:  28/28      EV: 30    Int: 13    God:    Qazlal [******]
Gold:   1044       SH:  8    Dex: 20    Spells: 2 memorised, 5 levels left

rFire  + . .     SeeInvis +     b - +2 quarterstaff (chaos)
rCold  . . .     Clarity  .     C - +2 steam dragon armour
rNeg   . . .     SustAb   .     (shield restricted)
rPois  +         Gourm    .     (helmet restricted)
rElec  .         Spirit   .     m - +1 cloak
rCorr  +         Warding  .     (gloves unavailable)
rMut   .         Stasis   .     (boots unavailable)
MR     ++...                    x - amulet of resist corrosion
Stlth  +.........               u - ring of poison resistance
                                g - ring of protection from fire

@: very slightly contaminated, repel missiles, very quick, very resistant to
hostile enchantments, very unstealthy
A: unfitting armour, molten scales 1, see invisible, herbivore 3, speed 3, slow
metabolism 2
a: Upheaval, Elemental Force, Disaster Area, Renounce Religion


You were on level 8 of the Lair of Beasts.
You worshipped Qazlal.
Qazlal was exalted by your worship.
You were not hungry.

You visited 2 branches of the dungeon, and saw 17 of its levels.
You also visited: Volcano.

You collected 1044 gold pieces.

Inventory:

Hand weapons
 a - a +3 shortbow of flaming
 b - a +2 quarterstaff of chaos (weapon)
Missiles
 d - 181 arrows
 p - 7 poisoned arrows
 r - a throwing net (quivered)
Armour
 m - a +1 cloak (worn)
 C - a +2 steam dragon armour (worn)
Jewellery
 g - a ring of protection from fire (left hand)
 u - a ring of poison resistance (right hand)
 x - an amulet of resist corrosion (around neck)
 D - an uncursed ring of protection from magic
Magical devices
 s - a wand of random effects (37)
 H - a wand of random effects (39)
 J - a wand of confusion (14)
Scrolls
 j - a scroll of blinking
 l - 3 scrolls of identify
 n - 3 scrolls of fog
 t - a scroll of immolation
 w - 2 scrolls of remove curse
 y - a scroll of enchant weapon
 A - 3 scrolls of teleportation
Potions
 c - 2 potions of might
 e - a potion of heal wounds
 h - 3 potions of restore abilities
 i - 4 potions of cancellation
 o - 4 potions of resistance
 E - 3 potions of curing
 G - a potion of ambrosia
 L - a potion of agility
 M - 2 potions of brilliance
Books
 N - an Akashic Record {highlevel}

   This book is beyond your current level of understanding.

   Spells                             Type                      Level
   a - Dispersal                      Translocation                6
   b - Controlled Blink               Translocation                7
   c - Malign Gateway                 Summoning/Translocation      7
   d - Disjunction                    Translocation                8
   e - Singularity                    Translocation                9
Comestibles
 f - 9 bread rations
 q - 11 royal jellies
 z - 2 slices of pizza
 B - 16 fruits


   Skills:
 * Level 3.4 Fighting
   Level 5.4 Short Blades
 - Level 13.0 Staves
 - Level 10.6 Bows
 - Level 12.1 Dodging
 - Level 4.8 Stealth
 + Level 4.7 Charms
 + Level 7.0 Evocations


You had 5 spell levels left.
You knew the following spells:

 Your Spells              Type           Power        Failure   Level  Hunger
c - Condensation Shield   Ice            #.........   100%        4    #####..
o - Ozocubu's Armour      Chrm/Ice       #.......     38%         3    ####...


Dungeon Overview and Level Annotations

Branches:
Dungeon (9/15)             Temple (0/1) D:4            Lair (8/8) D:8
  Swamp (0/5) Lair:6       Spider (0/5) Lair:4
  Slime: Lair:6-8       Orc: D:9-12

Altars:
Ashenzari
Makhleb
Qazlal
Zin
The Shining One
Jiyva


Innate Abilities, Weirdness & Mutations

You are tiny and cannot use many weapons and most armour.
You have supernaturally acute eyesight.
You are a herbivore.
You cover ground extremely quickly.
You need consume almost no food.
You are partially covered in molten scales (AC +1).


Message History

The plant is engulfed in freezing vapours.
The blink frog blinks!
The plant is engulfed in freezing vapours.
The plant is engulfed in freezing vapours.
The plant is engulfed in freezing vapours.
The blink frog blinks!
The blink frog blinks!
You hit the spiny frog but do no damage.
You sock the spiny frog! You freeze the spiny frog.
The spiny frog seems to slow down.
The spiny frog is moderately wounded.
The spiny frog is engulfed in roaring flames.
The spiny frog misses you.
You hit the spiny frog.
The spiny frog shakes off its lethargy.
The spiny frog goes berserk!
The spiny frog is severely wounded.
The spiny frog is engulfed in roaring flames.
The spiny frog stings you!!
Ouch! That really hurt!
You die...

...<.....................
....................P....
............†.....†.......
.......F.#....###.PP......
#........##...###.P.PP....
##.......###..P#...P.....
##.#..§P#.#..§.§#.P.#...
##.##.†.....F§..........
####.§.##..§F@.§.......
####################


You could see a spiny frog (berserk) and a blink frog.

Vanquished Creatures
  Snorg (Lair:3)
  4 hydras
  Erica (Lair:2)
  A fire crab (Lair:6)
  A shambling mangrove (Lair:7)
  An orc knight (Volcano)
  4 black mambas
  9 spiny frogs
  6 komodo dragons
  A polar bear (Lair:5)
  A queen bee (Lair:6)
  25 blink frogs
  2 ravens (Lair:7)
  A basilisk (Lair:5)
  6 hippogriffs
  20 yaks
  A wyvern (Lair:5)
  4 trapdoor spiders (Lair:4)
  A steam dragon (Lair:3)
  16 wolves
  Menkaure (D:7)
  10 water moccasins
  An ice beast (D:6)
  13 porcupines
  A water moccasin (shapeshifter) (Lair:8)
  Purgy (D:3)
  A black bear (D:6)
  2 centaurs (D:6)
  5 orc warriors
  2 slaves (D:5)
  4 ogres
  A boring beetle (Lair:5)
  16 crocodiles
  3 phantoms
  2 big kobolds
  16 giant frogs
  3 scorpions
  14 killer bees (Lair:6)
  2 crimson imps
  A goliath beetle (D:6)
  5 hounds
  A giant frog zombie (D:5)
  7 orc wizards
  2 jellies (D:8)
  Crazy Yiuf (D:7)
  A centaur zombie (D:8)
  8 iguanas
  A yellow wasp zombie (D:8)
  A centaur skeleton (D:4)
  4 worker ants
  Natasha (D:3)
  3 orc priests
  Ijyb (D:3)
  2 hound zombies (D:4)
  20 river rats
  A worker ant zombie (D:7)
  16 adders
  8 gnolls (D:6)
  A giant eyeball (shapeshifter) (Lair:3)
  2 shadow imps
  2 worms (D:2)
  2 adder skeletons
  An adder zombie (D:6)
  3 giant geckos
  6 oozes
  20 orcs
  12 bats
  A bat skeleton (D:5)
  5 bat zombies
  8 giant cockroaches
  18 hobgoblins
  14 jackals
  27 kobolds
  14 quokkas
  A ball python (D:3)
  A giant cockroach zombie (D:4)
  A giant gecko zombie (D:6)
  A giant newt (D:7)
  16 goblins
  A quokka zombie (Lair:3)
  19 rats
  3 bushes
  45 fungi
  35 plants
547 creatures vanquished.

Vanquished Creatures (collateral kills)
  Pikel (D:5)
  3 orc warriors (Volcano)
  A phantom (D:5)
  Natasha (twice) (D:3)
  An orc (D:3)
  A giant gecko zombie (D:5)
9 creatures vanquished.

Vanquished Creatures (others)
  An orc warrior (Volcano)
  A crocodile (Lair:6)
  An orc priest (D:8)
  A goblin (D:5)
4 creatures vanquished.

Grand Total: 560 creatures vanquished

Notes
Turn   | Place    | Note
--------------------------------------------------------------
     0 | D:1      | PolkaDot, the Spriggan Artificer, began the quest for the Orb.
     0 | D:1      | Reached XP level 1. HP: 9/9 MP: 2/2
   182 | D:1      | Reached XP level 2. HP: 7/14 MP: 5/5
  1110 | D:2      | Reached XP level 3. HP: 17/17 MP: 8/8
  1720 | D:2      | Reached XP level 4. HP: 21/21 MP: 11/11
  1808 | D:3      | Found a stormy altar of Qazlal.
  1819 | D:3      | Noticed Natasha
  1828 | D:3      | Killed Natasha
  1832 | D:3      | Noticed Purgy
  1836 | D:3      | Gained mutation: You are partially covered in molten scales (AC +1). [potion of mutation]
  1836 | D:3      | Gained mutation: Your body is slowly deteriorating. [potion of mutation]
  1836 | D:3      | Gained mutation: Armour fits poorly on your strangely shaped body. [potion of mutation]
  1845 | D:3      | Noticed Natasha
  1856 | D:3      | Killed Natasha
  1868 | D:3      | Noticed Natasha
  1878 | D:3      | Killed Natasha
  2018 | D:3      | Killed Purgy
  2018 | D:3      | Reached skill level 5 in Evocations
  2018 | D:3      | Reached XP level 5. HP: 17/25 MP: 14/14
  2064 | D:3      | Became a worshipper of Qazlal Stormbringer
  2469 | D:3      | Noticed Ijyb
  2502 | D:3      | Killed Ijyb
  2832 | D:4      | Reached XP level 6. HP: 26/29 MP: 17/17
  2852 | D:4      | Learned a level 3 spell: Ozocubu's Armour
  3273 | D:4      | Found a glowing silver altar of Zin.
  3304 | D:4      | Reached skill level 1 in Charms
  3318 | D:4      | Reached skill level 6 in Evocations
  3412 | D:4      | Reached skill level 5 in Short Blades
  3572 | D:4      | Acquired Qazlal's first power
  3757 | D:4      | Noticed a phantom
  4330 | D:4      | Found a staircase to the Ecumenical Temple.
  4484 | D:5      | Entered Level 5 of the Dungeon
  4608 | D:5      | Found a burning altar of Makhleb.
  5052 | D:5      | Reached XP level 7. HP: 23/32 MP: 20/20
  5054 | D:5      | Noticed Pikel
  5065 | D:5      | Lost mutation: Your body is slowly deteriorating. [potion of cure mutation]
  5065 | D:5      | Lost mutation: Armour fits poorly on your strangely shaped body. [potion of cure mutation]
  5120 | D:5      | Killed Pikel
  5120 | D:5      | Reached skill level 5 in Dodging
  5146 | D:5      | Your ally freed slave died
  6134 | D:6      | Reached XP level 8. HP: 18/37 MP: 21/21
  6764 | D:6      | Reached skill level 1 in Bows
  7338 | D:6      | Acquired Qazlal's second power
  7452 | D:6      | Reached skill level 5 in Staves
  7951 | D:6      | Learned a level 4 spell: Condensation Shield
  8175 | D:7      | Acquired Qazlal's third power
  8440 | D:7      | Reached XP level 9. HP: 40/40 MP: 23/23
  8964 | D:7      | Noticed Menkaure
  8967 | D:7      | Killed Menkaure
  8967 | D:7      | Reached skill level 5 in Bows
  9198 | D:7      | Found a shattered altar of Ashenzari.
  9782 | D:7      | Noticed Crazy Yiuf
  9796 | D:7      | Killed Crazy Yiuf
  9869 | D:8      | Found a viscous altar of Jiyva.
  9978 | D:8      | Reached skill level 7 in Staves
 10012 | D:8      | Found a glowing golden altar of the Shining One.
 10178 | D:8      | Acquired Qazlal's fourth power
 10340 | D:8      | Found a staircase to the Lair.
 10774 | Lair:1   | Entered Level 1 of the Lair of Beasts
 11409 | Lair:1   | Reached XP level 10. HP: 36/44 MP: 24/24
 11419 | Lair:1   | Reached skill level 8 in Staves
 12652 | Lair:2   | Acquired Qazlal's fifth power
 12829 | Lair:2   | Reached skill level 9 in Staves
 12967 | Lair:2   | Noticed Erica
 12982 | Lair:2   | Killed Erica
 13124 | Lair:2   | Noticed a black mamba
 13130 | Lair:2   | Killed a black mamba
 13670 | Lair:3   | Noticed Snorg
 13696 | Lair:3   | Killed Snorg
 13696 | Lair:3   | Reached XP level 11. HP: 43/48 MP: 25/25
 13731 | Lair:3   | Reached skill level 10 in Staves
 13812 | Lair:3   | Reached skill level 10 in Bows
 16008 | Lair:4   | Reached skill level 11 in Staves
 16455 | Lair:4   | Found a hole to the Spider Nest.
 16589 | Lair:4   | Found a dark tunnel.
 16594 | Volcano  | Entered a volcano
 17308 | Lair:4   | Reached XP level 12. HP: 24/52 MP: 27/27
 18572 | Lair:5   | Reached skill level 12 in Staves
 19372 | Lair:6   | Reached skill level 10 in Dodging
 19420 | Lair:6   | Noticed a four-headed hydra
 19443 | Lair:6   | Killed a four-headed hydra
 19615 | Lair:6   | Noticed a seven-headed hydra
 19617 | Lair:6   | Killed a seven-headed hydra
 20656 | Lair:6   | Found a staircase to the Swamp.
 21334 | Lair:7   | Noticed a five-headed hydra
 21355 | Lair:7   | Killed a five-headed hydra
 21361 | Lair:7   | Reached XP level 13. HP: 39/56 MP: 28/28
 21375 | Lair:7   | Reached skill level 13 in Staves
 21514 | Lair:7   | Reached skill level 1 in Fighting
 22786 | Lair:8   | Entered Level 8 of the Lair of Beasts
 23007 | Lair:8   | Slain by a spiny frog

Action                   |  1- 3 |  4- 6 |  7- 9 | 10-12 | 13-15 || total
-------------------------+-------+-------+-------+-------+-------++-------
Melee: Short sword       |   130 |   217 |       |       |       ||   347
       Quarterstaff      |       |    19 |   373 |   703 |   197 ||  1292
 Fire: Shortbow          |       |       |   139 |    77 |       ||   216
Evoke: Wand              |     7 |    41 |    15 |    43 |    25 ||   131
  Use: Potion            |       |     5 |     9 |    10 |     1 ||    25
       Scroll            |       |     6 |     5 |    15 |     4 ||    30
 Stab: Sleeping          |     6 |     9 |       |       |       ||    15
       Paralysed         |       |     3 |       |     7 |     1 ||    11
       Betrayed ally     |       |     1 |     1 |     1 |       ||     3
       Confused          |       |       |       |     4 |       ||     4
       Petrifying        |       |       |       |     4 |     1 ||     5
       Petrified         |       |       |       |     5 |       ||     5
       Invisible         |       |       |       |       |     6 ||     6
  Eat: Bread ration      |       |     1 |     1 |     1 |       ||     3
       Pizza             |       |       |     1 |       |       ||     1
       Fruit             |       |       |       |       |     1 ||     1
